 Dungeon Crawl Stone Soup version 0.26-a0-651-gb41185065b (webtiles) character file.

Game seed: 8367661921201300495

43 DogServant the Insei (level 3, -20/29 HPs)
             Began as a Draconian Transmuter on Sept 30, 2020.
             Demolished by an ogre
             ... wielding a +0 giant club
              (27 damage)
             ... on level 2 of the Dungeon.
             The game lasted 00:01:23 (1636 turns).

DogServant the Insei (Draconian Transmuter)         Turns: 1636, Time: 00:01:24

Health: -20/29     AC:  5    Str: 12    XL:     3   Next: 37%
Magic:  6/6        EV: 12    Int: 13    God:
Gold:   26         SH:  0    Dex: 12    Spells: 5/6 levels left

rFire    . . .     SeeInvis .   g - +0 hand axe (vorpal)
rCold    . . .     Faith    .   (no shield)
rNeg     . . .     Spirit   .   (armour unavailable)
rPois    .         Reflect  .   (helmet currently unavailable)
rElec    .         Harm     .   (no cloak)
rCorr    .         Rampage  .   (no gloves)
MR       .....                  (boots currently unavailable)
Stlth    +.........             (no amulet)
HPRegen  0.09/turn              (no ring)
MPRegen  0.10/turn              (no ring)

@: appendages (expiring)
A: unfitting armour, horns 2, talons 2, cold-blooded, AC +5
a: End Transformation


You were on level 2 of the Dungeon.
You had grown temporary horns.
You had grown temporary talons.
You visited 1 branch of the dungeon, and saw 2 of its levels.

You collected 26 gold pieces.

Inventory:

Hand Weapons
 g - a +0 vorpal hand axe (weapon)
Scrolls
 c - a scroll of amnesia {unknown}
 e - a scroll of random uselessness {unknown}
 f - a scroll of blinking {unknown}
Potions
 a - a potion of curing {unknown}
 b - a potion of resistance {unknown}
 d - a potion of degeneration {unknown}
 h - 2 potions of lignification {unknown}


   Skills:
 + Level 2.2 Fighting
 + Level 2.4 Dodging
 + Level 3.5 Unarmed Combat
 - Level 2.0 Spellcasting
 - Level 2.0 Transmutations


You had 5 spell levels left.
You knew the following spells:

 Your Spells              Type           Power        Failure   Level
a - Beastly Appendage     Tmut           #.....       11%         1

Your spell library contained the following spells:

 Spells                   Type           Power        Failure   Level
 Wereblood                Tmut           #.......     17%         2
 Spider Form              Tmut/Pois      #.........   45%         3
 Ice Form                 Ice/Tmut       #.......     86%         4
 Blade Hands              Tmut           #.........   97%         5


Dungeon Overview and Level Annotations

Branches:
Dungeon (2/15)

Altars:


Innate Abilities, Weirdness & Mutations

Your plain brown scales are hard. (AC +5)
You cannot fit into any form of body armour.
You are cold-blooded and may be slowed by cold attacks.
You have a pair of horns on your head.
You have razor-sharp toenails.


Message History

You see here a rat corpse.
You hit the ogre. You claw the ogre.
The ogre is moderately wounded.
The ogre hits you with a +0 giant club!!
Ouch! That really hurt!
* * * LOW HITPOINT WARNING * * *
You completely miss the ogre. You claw the ogre. Your headbutt misses the ogre.
The ogre is moderately wounded.
The ogre closely misses you.
You barely miss the ogre. You claw the ogre, but do no damage.
You headbutt the ogre!
The ogre is severely wounded.
The ogre barely misses you.
You barely miss the ogre. You claw the ogre, but do no damage.
You tail-slap the ogre.
The ogre is severely wounded.
Your transformation is almost over.
The ogre hits you with a +0 giant club!!
Ouch! That really hurt!
You die...

#.l.## ##.....
#..... ..... .
#... .# #.... .#
#.#...# #+#
#####O##.## #.#
#...?@....# #.#
#.###.###.# ##.##
#.# #.# #####...##
#.###.###..†......
#.........###...##
#####.##### ##.##
.#######.# #.#
.........# #.#
########## #.#


You could see an ogre.

Vanquished Creatures
  An ooze (D:1)
  A dart slug (D:2)
  2 leopard geckos (D:1)
  7 bats
  A giant cockroach (D:1)
  2 goblins (D:1)
  7 hobgoblins
  5 kobolds
  2 ball pythons (D:1)
  A frilled lizard (D:1)
  4 rats
33 creatures vanquished.

Notes
Turn   | Place    | Note
-------+----------+-------------------------------------------
     0 | D:1      | DogServant the Draconian Transmuter began the quest for the
                  | Orb.
     0 | D:1      | Reached XP level 1. HP: 16/16 MP: 3/3
   140 | D:1      | Reached XP level 2. HP: 13/23 MP: 5/5
   867 | D:1      | Reached XP level 3. HP: 22/29 MP: 6/6
  1627 | D:2      | Noticed an ogre
  1636 | D:2      | Demolished by an ogre

Illustrated notes

Levels and vault maps discovered:
D:1:      lightli_arrival_farm, layout_loops_ring
D:2:      layout_loops_corners

Skill      XL: |  1  2 |
---------------+-------+-----
Dodging        | 2 |  2.4
Fighting       | 2 |  2.2
Unarmed Combat | |  3.5
Spellcasting   | |  2.0
Transmutations | |  2.0

Action                   || total
-------------------------++-------
Melee: Unarmed           ||    70
       Kick              ||    14
       Tailslap          ||     6
       Headbutt          ||     5
       Punch             ||     2
       Hand axe          ||    21
 Cast: Beastly Appendage ||    22
Armor: Skin              ||    31
Dodge: Dodged            ||    61

Table legend: (Time is in decaauts)
 A = Elapsed time spent in this place.
 B = Non-inter-level travel time spent in this place.
 C = Inter-level travel time spent in this place.
 D = Time resting spent in this place.
 E = Time spent auto-exploring this place.
 F = Levels seen in this place.
 G = Mean time per level.
                   A        B        C        D        E       F      G
               +--------+--------+--------+--------+--------+-----+--------+
         Total |   1659 |   1605 |     54 |      0 |   1370 |   2 |  829.5 |
       Dungeon |   1659 |   1605 |     54 |      0 |   1370 |   2 |  829.5 |
               +--------+--------+--------+--------+--------+-----+--------+

Top non-repeatable levels by time:
     D:1: 1432 daAuts
     D:2: 227 daAuts
